 Dungeon Crawl Stone Soup version 0.23.0 (webtiles) character file.

Game seed: 17647247285613067723

19135 inmateoo the Spear-Bearer (level 12, -1/101 HPs)
             Began as a Demigod Fighter on Feb 14, 2019.
             Slain by a slime creature (11 damage)
             ... on level 12 of the Dungeon.
             The game lasted 00:25:44 (19224 turns).

inmateoo the Spear-Bearer (Demigod Fighter)        Turns: 19224, Time: 00:25:45

Health: -1/101     AC: 16    Str: 27    XL:     12   Next: 7%
Magic:  16/16      EV:  4    Int: 17    God:
Gold:   950        SH: 17    Dex: 19    Spells: 11/11 levels left

rFire    . . .     SeeInvis .   a - +1 trident
rCold    . . .     Gourm    .   v - +0 large shield
rNeg     + . .     Faith    .   C - +0 chain mail {rPois}
rPois    +         Spirit   .   E - +0 hat "Mehuqa" {+Blink MR+}
rElec    +         Reflect  .   B - +2 cloak
rCorr    .         Harm     .   (no gloves)
MR       ++++.                  n - +2 pair of boots
Stlth    ..........             (no amulet)
HPRegen  0.26/turn              g - ring of positive energy
MPRegen  0.15/turn              y - ring "Uheupt" {rElec MR++ Int+5 Dex+4}

@: no status effects
A: high mp 1
a: Evoke Blink


You were on level 12 of the Dungeon.
You were very hungry.

You visited 1 branch of the dungeon, and saw 13 of its levels.
You also visited: Sewer.

You collected 950 gold pieces.

Inventory:

Hand Weapons
 a - a +1 trident (weapon)
 D - the +6 halberd "Ydiubeja" {holy, Int+3}
   (You took it off an orc warrior on level 9 of the Dungeon)

   It has been blessed by the Shining One to cause great damage to the undead
   and demons.
   It affects your intelligence (+3).
Armour
 n - a +2 pair of boots (worn)
 v - a +0 large shield (worn)
 B - a +2 cloak (worn)
 C - a +0 chain mail of poison resistance (worn)
 E - the +0 hat "Mehuqa" (worn) {+Blink MR+}
   (You found it on level 9 of the Dungeon)

   It affects your resistance to hostile enchantments.
   It lets you blink.
Jewellery
 g - a ring of positive energy (left hand)
 y - the ring "Uheupt" (right hand) {rElec MR++ Int+5 Dex+4}
   (You found it on level 9 of the Dungeon)

   [ring of intelligence]

   It affects your intelligence (+5).
   It affects your dexterity (+4).
   It insulates you from electricity.
   It affects your resistance to hostile enchantments.
 F - an uncursed ring of ice {unknown}
 H - an uncursed amulet of harm {unknown}
 I - an uncursed ring of poison resistance
Wands
 c - a wand of random effects (29)
 l - a wand of polymorph (14)
 p - a wand of iceblast (7)
 q - a wand of flame (27)
 G - a wand of digging (8)
 J - a wand of acid (10)
Scrolls
 d - 9 scrolls of teleportation
 e - 4 scrolls of enchant weapon
 k - 4 scrolls of remove curse
 o - a scroll of holy word
 u - 6 scrolls of amnesia
 x - 2 scrolls of enchant armour
Potions
 b - 2 potions of cancellation
 h - 2 potions of ambrosia
 i - 9 potions of curing {unknown}
 j - 3 potions of haste
 m - 2 potions of magic
 r - 3 potions of lignification
 s - 4 potions of heal wounds
 t - 2 potions of flight
 w - 2 potions of mutation
 z - a potion of might
 A - 2 potions of brilliance
Comestibles
 f - 12 rations


   Skills:
 - Level 8.0 Fighting
 * Level 14.9 Polearms
 - Level 6.0 Armour
 - Level 6.0 Shields
 + Level 2.0 Evocations


You had 11 spell levels left.
You didn't know any spells.
Your spell library was empty.

Dungeon Overview and Level Annotations

Branches:
Dungeon (13/15)            Temple (0/1) D:5            Lair (0/6) D:10
    Orc (0/2) D:9
 Vaults: D:13-14

Portals:
Trove: D:10 (give +2 ice dragon scales)


Innate Abilities, Weirdness & Mutations

You have an increased reservoir of magic. (+10% MP)


Message History

The slime creature is heavily wounded.
The slime creature hits you but does no damage.
Unknown command.
You hit the slime creature.
The slime creature is severely wounded.
Unknown command.
Your shield prevents you from hitting the slime creature.
The slime creature is severely wounded.
The slime creature hits you!
* * * LOW HITPOINT WARNING * * *
Unknown command.
Unknown command.
Evoke which item? (* to show all) (? for menu, Esc to quit)
Aiming: Iceblast
Press: ? - help, Shift-Dir - straight line The mass of ice explodes!
The iceblast engulfs the slime creature!
The slime creature is severely wounded.
The slime creature hits you!
You die...

# ##..##......# ##...# #
##..#......### #..>###### ##
##........(.## ##..## #..# .#
##..........####.### #..# .##
##..........##.## #... ..##
##............## #...
#..######..............## #...
##......................## #...
########........@........## #...
...###..........J.........## #...
...............<...........###...
..............)....[........#...#
................................#
...............................##
...........!..................##
.......>......................###
...............................#)


You could see a slime creature.

Vanquished Creatures
  A vault guard (D:10)
  A catoblepas (D:13)
  The ghost of Uhlv the Spear-Bearer, a novice MiWn of Okawaru (D:8)
  A centaur warrior (D:13)
  A two-headed ogre (D:12)
  An unseen horror (D:12)
  A deep elf mage (D:12)
  3 cyclopes
  A manticore (D:11)
  Psyche (D:10)
  A kobold demonologist (D:13)
  A queen bee (D:8)
  3 trolls
  Prince Ribbit (D:6)
  A hornet (D:11)
  3 slime creatures (D:12)
  2 hippogriffs
  14 yaks
  Sigmund (D:3)
  A vampire (D:13)
  A wyvern (D:12)
  Eustachio (D:6)
  A wraith (D:11)
  Grum (D:10)
  4 hungry ghosts
  A two-headed ogre zombie (D:9)
  A warg (D:8)
  Edmund (D:6)
  A soldier ant (D:12)
  A water moccasin (D:9)
  8 orc warriors
  2 ice beasts
  A black bear (D:6)
  2 sky beasts
  2 phantoms
  3 ogres
  3 eyes of draining
  2 wolves (D:9)
  3 centaurs
  2 big kobolds
  5 bullfrogs
  A wyvern zombie (D:13)
  2 scorpions (D:12)
  23 killer bees
  2 troll zombies (D:9)
  7 wights
  A howler monkey (D:4)
  6 crimson imps
  2 bullfrog zombies
  A quasit (D:9)
  6 hounds
  5 jellies
  15 orc wizards
  Crazy Yiuf (D:2)
  12 orc priests
  A bullfrog skeleton (D:12)
  2 centaur skeletons
  Ijyb (D:3)
  3 iguanas
  7 worker ants
  5 ogre zombies (D:9)
  A worker ant zombie (D:7)
  A hound skeleton (D:5)
  8 gnolls
  3 river rats (Sewer)
  12 adders
  3 shadow imps
  2 adder zombies
  3 adder skeletons
  A worm (D:5)
  6 leopard geckos
  53 orcs
  3 bats
  7 giant cockroaches
  10 goblins
  5 hobgoblins
  14 jackals
  4 quokkas
  3 ball pythons (D:3)
  A ball python skeleton (D:4)
  8 frilled lizards
  2 goblin skeletons (D:9)
  2 goblin zombies (D:9)
  A hobgoblin skeleton (D:9)
  5 hobgoblin zombies (D:9)
  12 kobolds
  15 orc zombies (D:9)
  A quokka skeleton (D:4)
  9 rats
384 creatures vanquished.

Vanquished Creatures (others)
  2 plants (D:10)
2 creatures vanquished.

Grand Total: 386 creatures vanquished

Notes
Turn   | Place    | Note
-------+----------+-------------------------------------------
     0 | D:1      | inmateoo the Demigod Fighter began the quest for the Orb.
     0 | D:1      | Reached XP level 1. HP: 18/18 MP: 3/3
    49 | D:1      | Reached skill level 2 in Polearms
   233 | D:1      | Reached XP level 2. HP: 25/25 MP: 4/4
   747 | D:2      | Found a shadowy altar of Dithmenos.
  1369 | D:2      | Found a runed translucent door.
  1370 | D:2      | Noticed Crazy Yiuf
  1655 | D:2      | Killed Crazy Yiuf
  1655 | D:2      | Reached skill level 3 in Polearms
  1655 | D:2      | Reached XP level 3. HP: 18/31 MP: 5/5
  1941 | D:3      | Noticed Ijyb
  1966 | D:3      | Killed Ijyb
  1966 | D:3      | Reached XP level 4. HP: 21/38 MP: 6/6
  2012 | D:3      | Found a glowing drain.
  2125 | Sewer    | Entered a sewer
  2155 | Sewer    | Reached skill level 4 in Polearms
  2353 | Sewer    | Noticed a big kobold
  2379 | Sewer    | Killed a big kobold
  2379 | Sewer    | Reached XP level 5. HP: 35/46 MP: 7/7
  2404 | Sewer    | Found a glowing silver altar of Zin.
  2478 | D:3      | Noticed Sigmund
  2554 | D:3      | Killed Sigmund
  2554 | D:3      | Reached skill level 5 in Polearms
  2554 | D:3      | Reached XP level 6. HP: 18/52 MP: 8/8
  3400 | D:4      | Found a hide-covered altar of Uskayaw.
  3400 | D:4      | Found an ancient bone altar of Kikubaaqudgha.
  3709 | D:4      | Reached skill level 6 in Polearms
  3724 | D:4      | Reached XP level 7. HP: 35/60 MP: 9/9
  4319 | D:4      | Reached skill level 5 in Fighting
  4655 | D:4      | Reached skill level 7 in Polearms
  4974 | D:5      | Entered Level 5 of the Dungeon
  5238 | D:5      | Found a staircase to the Ecumenical Temple.
  5335 | D:5      | Reached skill level 8 in Polearms
  5613 | D:5      | Reached XP level 8. HP: 68/68 MP: 10/10
  5892 | D:6      | Noticed Prince Ribbit
  5901 | D:6      | Killed Prince Ribbit
  6137 | D:6      | Noticed Edmund
  6166 | D:6      | Killed Edmund
  6166 | D:6      | Reached skill level 9 in Polearms
  6326 | D:6      | Noticed Eustachio
  6362 | D:6      | Killed Eustachio
  6668 | D:7      | Reached skill level 10 in Polearms
  6960 | D:8      | Found a radiant altar of Vehumet.
  7427 | D:8      | Noticed a queen bee
  7789 | D:8      | Reached XP level 9. HP: 29/74 MP: 11/11
  9251 | D:9      | Found a staircase to the Orcish Mines.
  9339 | D:9      | Reached skill level 11 in Polearms
  9701 | D:9      | Reached XP level 10. HP: 31/84 MP: 13/13
 10349 | D:9      | Identified the +6 halberd "Ydiubeja" {holy, Int+3}
 10351 | D:9      | Found a runed translucent gate.
 10351 | D:9      | Found a runed translucent gate.
 10351 | D:9      | Noticed Uhlv's ghost (novice MiWn)
 10354 | D:9      | Found a runed translucent gate.
 10354 | D:9      | Found a roughly hewn altar of Beogh.
 10439 | D:9      | Reached skill level 5 in Armour
 10450 | D:9      | Got a wavering lead ring
 10451 | D:9      | Identified the ring "Uheupt" {rElec MR++ Int+5 Dex+4} (You
                  | found it on level 9 of the Dungeon)
 10765 | D:8      | Reached skill level 5 in Shields
 11027 | D:8      | Killed Uhlv's ghost
 11583 | D:9      | Got a dazzling hat
 11596 | D:9      | Identified the +0 hat "Mehuqa" {+Blink MR+} (You found it
                  | on level 9 of the Dungeon)
 11619 | D:10     | Entered Level 10 of the Dungeon
 11656 | D:10     | Found a staircase to the Lair.
 11709 | D:10     | Noticed a vault guard
 11947 | D:10     | Noticed Sonja
 11949 | D:10     | Noticed Sonja
 11949 | D:10     | Sonja changed into Sonja the big kobold
 11955 | D:10     | Noticed Grum
 11955 | D:10     | Noticed Sonja
 11955 | D:10     | Sonja the big kobold changed into Sonja the bullfrog
 11986 | D:9      | Killed Sonja the bullfrog
 12203 | D:10     | Killed Grum
 12550 | D:10     | Reached skill level 12 in Polearms
 12569 | D:10     | Noticed Psyche
 12583 | D:10     | Killed Psyche
 13020 | D:10     | Killed a vault guard
 13251 | D:10     | Found a portal to a secret trove of treasure.
 13353 | D:11     | Reached XP level 11. HP: 76/92 MP: 14/14
 14455 | D:12     | Noticed a two-headed ogre
 14747 | D:11     | Reached skill level 13 in Polearms
 14867 | D:12     | Killed a two-headed ogre
 16140 | D:12     | Noticed a two-headed ogre
 16435 | D:12     | Reached skill level 14 in Polearms
 16915 | D:13     | Noticed a catoblepas
 16990 | D:12     | Killed an unseen horror
 17800 | D:13     | Killed a catoblepas
 18202 | D:13     | Noticed a centaur warrior
 18217 | D:13     | Killed a centaur warrior
 18217 | D:13     | Reached skill level 1 in Evocations
 18434 | D:13     | Reached XP level 12. HP: 85/101 MP: 14/16
 19224 | D:12     | Slain by a slime creature

Skill      XL: |  1  2  3  4  5  6  7  8  9 10 11 12 |
---------------+-------------------------------------+-----
Polearms       | 2 3 4 5 6 8 10 11 12 14 | 14.9
Fighting       | 3 4 5 6 7 8 |  8.0
Armour         | 3 4 6 |  6.0
Shields        | 3 4 6 |  6.0
Evocations     | 1 2 |  2.0

Action                   |  1- 3 |  4- 6 |  7- 9 | 10-12 || total
-------------------------+-------+-------+-------+-------++-------
Melee: Trident           |    94 |   232 |   801 |  1221 ||  2348
       Halberd           |       |       |       |    12 ||    12
Evoke: Wand              |       |       |     2 |    11 ||    13
  Use: Potion            |       |     1 |     1 |     3 ||     5
       Scroll            |       |     7 |    10 |     6 ||    23
 Stab: Paralysed         |       |       |       |     7 ||     7
  Eat: Chunk             |     3 |     6 |    22 |    19 ||    50
       Ration            |       |       |     4 |     4 ||     8
Armor: Scale mail        |    38 |   122 |    57 |       ||   217
       Plate armour      |       |       |    80 |       ||    80
       Chain mail        |       |       |   143 |   392 ||   535
Dodge: Dodged            |    28 |    57 |    61 |    97 ||   243
Block: Shield            |    36 |    93 |       |       ||   129
       Large shield      |       |    62 |   492 |   754 ||  1308
